 Dungeon Crawl Stone Soup version 0.24-a0-157-g36218c0 (webtiles) character file.

Game seed: 3835974763520593903

49 Dfrag the Firebug (level 3, -6/28 HPs)
             Began as a Naga Fire Elementalist on Mar 4, 2019.
             Killed from afar by garrulousMonolith's ghost (11 damage)
             ... with a blast of sand
             ... on level 3 of the Dungeon.
             The game lasted 00:03:42 (2141 turns).

Dfrag the Firebug (Naga Fire Elementalist)          Turns: 2141, Time: 00:03:43

Health: -6/28      AC:  1    Str: 15    XL:     3   Next: 75%
Magic:  3/6        EV: 10    Int: 16    God:
Gold:   149        SH:  0    Dex: 11    Spells: 3/7 levels left

rFire    . . .     SeeInvis +   (no weapon)
rCold    . . .     Gourm    .   (no shield)
rNeg     . . .     Faith    .   g - -2 robe (curse)
rPois    +         Spirit   .   (no helmet)
rElec    .         Reflect  .   (no cloak)
rCorr    .         Harm     .   d - +0 pair of gloves
MR       .....                  (no barding)
Stlth    ++........             (no amulet)
HPRegen  0.09/turn              e - +5 ring of strength
MPRegen  0.10/turn              f - ring of poison resistance

@: very slow
A: large, see invisible, deformed body, poison resistance, slowness 2, slow
metabolism 1, spit poison 1, AC +1
a: Spit Poison


You were on level 3 of the Dungeon.
You were very hungry.

You visited 1 branch of the dungeon, and saw 3 of its levels.

You collected 149 gold pieces.

Inventory:

Armour
 a - a +0 robe
 b - a +1 robe of fire resistance
 d - a +0 pair of gloves (worn)
 g - a cursed -2 robe (worn)
 p - a +0 troll leather armour
Jewellery
 e - a +5 ring of strength (left hand)
 f - a ring of poison resistance (right hand)
Scrolls
 i - a scroll of fog
 k - a scroll of teleportation
Potions
 h - 5 potions of curing {unknown}
 j - a potion of heal wounds {unknown}
 n - a potion of degeneration {unknown}
 r - a potion of agility {unknown}
Comestibles
 c - 8 rations


   Skills:
 - Level 1.5 Dodging
 - Level 3.0 Stealth
 + Level 2.6 Spellcasting
 + Level 2.1 Conjurations
 + Level 3.5 Fire Magic


You had 3 spell levels left.
You knew the following spells:

 Your Spells              Type           Power        Failure   Level  Hunger
a - Flame Tongue          Conj/Fire      ##...        6%          1    #......
b - Conjure Flame         Conj/Fire      ##......     19%         3    ###....

Your spell library contained the following spells:

 Spells                   Type           Power        Failure   Level  Hunger
 Throw Flame              Conj/Fire      ##....       9%          2    ##.....
 Inner Flame              Hex/Fire       #.......     28%         3    ###....
 Sticky Flame             Conj/Fire      ##......     52%         4    #####..
 Fireball                 Conj/Fire      ##........   86%         5    ######.


Dungeon Overview and Level Annotations

Branches:
Dungeon (3/15)

Altars:
Fedhas

Annotations:
D:3 garrulousMonolith's ghost, amateur GrEE


Innate Abilities, Weirdness & Mutations

You cannot wear boots.
Your serpentine skin is tough. (AC +1)
You have supernaturally acute eyesight. (SInv)
Armour fits poorly on your strangely shaped body.
Your system is resistant to poisons. (rPois)
You cover ground very slowly.
You have a slow metabolism.
You can spit poison.


Message History

Confirm with . or Enter, or press ? or * to list all spells.
Aiming: Flame Tongue (safe; 6% risk of failure)
Press: ? - help, Shift-Dir - straight line, f/p - garrulousMonolith's ghost
Aim: garrulousMonolith's ghost The flame tongue hits garrulousMonolith's ghost.
GarrulousMonolith's ghost is moderately damaged.
GarrulousMonolith's ghost casts a spell at you.
The blast of sand hits you!
* * * LOW HITPOINT WARNING * * *
Unknown command.
Casting: Flame Tongue (safe; 6% risk of failure)
Confirm with . or Enter, or press ? or * to list all spells.
Aiming: Flame Tongue (safe; 6% risk of failure)
Press: ? - help, Shift-Dir - straight line, f/p - garrulousMonolith's ghost
Aim: garrulousMonolith's ghost (moderately damaged)
The flame tongue hits garrulousMonolith's ghost but does no damage.
GarrulousMonolith's ghost is moderately damaged.
GarrulousMonolith's ghost gestures at you while chanting.
The blast of sand hits you!
You die...

##.#..###.##.......## ##.#)
####....##.#.........####....
..........#.........>'.......
#####....###.........####....
#.....## ##....<..## ##.#.
#.####.###.#.....## .... #.
##.#)###...## ###. #
####.#####+## . #.....@.#
###''W### #(....(.# #..(....#
#....(..# #(8.....# #...(.(.#
#########


You could see garrulousMonolith's ghost.

Vanquished Creatures
  2 adders
  A dart slug (D:1)
  A leopard gecko (D:1)
  2 bats (D:1)
  2 giant cockroaches
  3 goblins
  6 hobgoblins
  2 ball pythons (D:2)
  A frilled lizard (D:1)
  5 kobolds (D:1)
  3 rats
28 creatures vanquished.

Notes
Turn   | Place    | Note
-------+----------+-------------------------------------------
     0 | D:1      | Dfrag the Naga Fire Elementalist began the quest for the
                  | Orb.
     0 | D:1      | Reached XP level 1. HP: 15/15 MP: 3/3
   166 | D:1      | Reached XP level 2. HP: 15/22 MP: 3/5
  1065 | D:2      | Found a blossoming altar of Fedhas.
  1282 | D:2      | Reached XP level 3. HP: 28/28 MP: 4/6
  1287 | D:2      | Learned a level 3 spell: Conjure Flame
  2129 | D:3      | Found a runed translucent gate.
  2132 | D:3      | Found a runed translucent gate.
  2133 | D:3      | Found a runed translucent gate.
  2133 | D:3      | Noticed garrulousMonolith's ghost (amateur GrEE)
  2141 | D:3      | Killed from afar by garrulousMonolith's ghost

Levels and vault maps discovered:
D:1:      lightli_arrival_maybe_door_vault, layout_basic
D:2:      layout_basic, fedhas_ov_isle_minmay, minmay_misc_feat_enclosed,
          fountainhead
D:3:      layout_loops_corners, ebering_ghost_rock_garden

Skill      XL: |  1  2  3 |
---------------+----------+-----
Conjurations   | 2 |  2.1
Dodging        | |  1.5
Stealth        | |  3.0
Spellcasting   | |  2.6
Fire Magic     | |  3.5

Action                   || total
-------------------------++-------
Melee: Unarmed           ||     9
 Cast: Flame Tongue      ||    40
 Abil: Spit Poison       ||    13
  Use: Scroll            ||     6
  Eat: Chunk             ||     3
Armor: Robe              ||     7
Dodge: Dodged            ||    24

Table legend:
 A = Non-vault XP
 B = Vault XP
 C = Vault XP percentage of total XP
 D = Non-vault monster count
 E = Vault monster count
 F = Vault count percentage of total count
                 A         B        C        D         E       F
            +---------+---------+-------+---------+---------+-------
      Total |      70 |       0 |   0.0 |      28 |       0 |   0.0
            +---------+---------+-------+---------+---------+-------
        D:1 |      29 |       0 |   0.0 |      16 |       0 |   0.0
        D:2 |      28 |       0 |   0.0 |      11 |       0 |   0.0
        D:3 |      13 |       0 |   0.0 |       1 |       0 |   0.0
            +---------+---------+-------+---------+---------+-------
